 Dungeon Crawl Stone Soup version 0.27-a0-1139-g28e009f8a6 (console) character file.

Game seed: 8900907677305442617

40 Gather the Insei (level 3, -3/34 HPs)
             Began as an Octopode Transmuter on May 7, 2021.
             Slain by Sigmund
             ... wielding a +0 scythe
              (7 damage)
             ... on level 2 of the Dungeon.
             The game lasted 00:06:48 (1444 turns).

Gather the Insei (Octopode Transmuter)              Turns: 1444, Time: 00:06:49

Health: -3/34      AC: 21    Str:  9    XL:     3   Next: 50%
Magic:  5/6        EV:  2    Int: 15    God:
Gold:   71         SH:  0    Dex: 13    Spells: 0/6 levels left

rFire    . . .     SeeInvis .   e - +1 dagger (drain)
rCold    . . .     Faith    .   (no shield)
rNeg     + + +     Spirit   .   (helmet currently unavailable)
rPois    +         Reflect  .   (no amulet)
rElec    .         Harm     .   (no ring)
rCorr    .         Rampage  .   (no ring)
Will     .....     NoTele   +   (no ring)
Stlth    +.........             (no ring)
HPRegen  0.11/turn              (no ring)
MPRegen  0.10/turn              (no ring)
                                (no ring)
                                (no ring)

@: tree-form, hasted, very quick
A: stationary, stasis, torment immunity, boosted hp, almost no armour,
(amphibious), 8 rings, (camouflage 1), (gelatinous body 1), (nimble swimmer 1),
(tentacles)
a: no special abilities


You were on level 2 of the Dungeon.
You were a tree.
You visited 1 branch of the dungeon, and saw 2 of its levels.

You collected 71 gold pieces.

Inventory:

Hand Weapons
 d - a +0 dagger
 e - a +1 dagger of draining (weapon)
 f - a +0 hunting sling
Missiles
 g - 44 stones
 i - 16 poisoned darts
Scrolls
 m - a scroll of teleportation {unknown}


   Skills:
 + Level 1.0 Fighting
 + Level 2.0 Dodging
 + Level 0.0 Stealth
 + Level 3.6 Unarmed Combat
 - Level 2.0 Spellcasting
 + Level 2.8 Transmutations
 + Level 1.5 Poison Magic


You couldn't memorise any spells.
You knew the following spells:

 Your Spells              Type           Power      Damage    Failure   Level
a - Beastly Appendage     Tmut           18%        N/A       7%          1
s - Spider Form           Tmut/Pois      4%         N/A       26%         3
w - Wereblood             Tmut           9%         N/A       11%         2

Your spell library contained the following spells:

 Spells                   Type           Power      Damage    Failure   Level
 Animate Skeleton         Necr           2%         N/A       22%         1
 Apportation              Tloc           2%         N/A       22%         1
 Corona                   Hex            1%         N/A       22%         1
 Summon Small Mammal      Summ           4%         N/A       22%         1
 Ice Form                 Ice/Tmut       5%         N/A       77%         4
 Hydra Form               Tmut           4%         N/A       89%         5


Dungeon Overview and Level Annotations

Branches:
Dungeon (2/15)

Altars:

Annotations:
D:2 Sigmund


Innate Abilities, Weirdness & Mutations

You are a tree.
Your roots penetrate the ground, keeping you stationary.
You cannot be teleported.
You are immune to unholy pain and torment.
Your maximum health is greatly increased.
Your equipment is partially melded.
You cannot wear most types of armour.
((You are amphibious.))
You can wear up to eight rings at the same time.
((Your skin changes colour to match your surroundings (Stealth+).))
((Your rubbery body absorbs attacks. (AC +1, EV +1)))
((You are camouflaged near water. (Stealth+)))
((You have tentacles for arms and can constrict up to eight enemies at once.))


Message History

You swing at nothing.
Something hits you but does no damage.
You miss something. You closely miss something. Something hits you!
You swing at nothing.
You hear some strange, mumbled words.
A magic dart appears from out of thin air!
The magic dart hits you but does no damage.
There's something in the way.
There's something in the way.
You swing at nothing.
You barely miss something. Something hits you.
You swing at nothing.
You feel less confused. Something hits you.
* * * LOW HITPOINT WARNING * * *
You miss something.
As you read the scroll labelled CEOMAKH FODDUM, it crumbles to dust.
It is a scroll of enchant weapon.
Your +0 dagger of draining glows red for a moment.
Something hits you but does no damage.
As you read the scroll labelled RIERIULOEN, it crumbles to dust.
It is a scroll of identify.
l - a scroll of summoning Something hits you but does no damage.
As you read the scroll of summoning, it crumbles to dust.
Wisps of shadow whirl around you... Something hits you but does no damage.
What are your orders? t - Creak!
Orders for allies: a - Attack new target. r - Retreat! s - Stop attacking. g - Guard the area. f - Follow me.
Anything else - Cancel.
Gang up on whom?
Press: ? - help, Dir - move target There's nothing there!
You completely miss something. You hit something. Something hits you.
* * * LOW HITPOINT WARNING * * *
You miss something. Something hits you!
You die...

#.......#.##
#[..[......#
#..........#
#..........#
###........#
...###..#.#
.#.###.#..#
#.##..#.##
##r...##.#
#.g.####.# #♣###
#.# ......wB{.#
...
..#######.......
##..... >.. ##


You could see a friendly worm (summoned), a friendly giant cockroach (summoned),
a friendly hobgoblin (summoned) and a friendly rat (summoned).

Vanquished Creatures
  3 dart slugs
  3 giant cockroaches (D:1)
  6 goblins (D:1)
  5 hobgoblins
  A quokka (D:1)
  5 bats
  4 kobolds (D:1)
  2 rats
29 creatures vanquished.

Notes
Turn   | Place    | Note
-------+----------+-------------------------------------------
     0 | D:1      | Gather the Octopode Transmuter began the quest for the Orb.
     0 | D:1      | Reached XP level 1. HP: 13/13 MP: 3/3
   189 | D:1      | Reached XP level 2. HP: 18/18 MP: 3/5
   279 | D:1      | Learned a level 2 spell: Wereblood
   492 | D:1      | Reached XP level 3. HP: 16/23 MP: 4/6
   524 | D:1      | Learned a level 3 spell: Spider Form
   637 | D:1      | Found a faded altar of an unknown god.
   798 | D:1      | Reached skill level 1 in Poison Magic
  1407 | D:2      | Noticed Sigmund
  1444 | D:2      | Slain by Sigmund

Illustrated notes

Levels and vault maps discovered:
D:1:      lordsloth_arrival_two_stooges, layout_rooms,
          ebering_ecumenical_altar_hall, minmay_misc_feat_pillars
D:2:      layout_rooms, uniq_sigmund

Skill      XL: |  1  2  3 |
---------------+----------+-----
Poison Magic   | 1 |  1.5
Fighting       | |  1.0
Dodging        | |  2.0
Unarmed Combat | |  3.6
Spellcasting   | |  2.0
Transmutations | |  2.8

Action                   || total
-------------------------++-------
Melee: Unarmed           ||    75
       Constrict         ||    26
       Kick              ||    15
       Tentacles         ||     7
       Punch             ||     5
       Dagger            ||    14
 Cast: Beastly Appendage ||    15
       Spider Form       ||     2
       Wereblood         ||     1
  Use: Potion            ||     4
       Scroll            ||     3
 Stab: Sleeping          ||     4
Armor: Skin              ||    16
Dodge: Dodged            ||    68

Table legend: (Time is in decaauts)
 A = Elapsed time spent in this place.
 B = Non-inter-level travel time spent in this place.
 C = Inter-level travel time spent in this place.
 D = Time resting spent in this place.
 E = Time spent auto-exploring this place.
 F = Levels seen in this place.
 G = Mean time per level.
                   A        B        C        D        E       F      G
               +--------+--------+--------+--------+--------+-----+--------+
         Total |   1432 |   1432 |      0 |     55 |   1065 |   2 |  716.0 |
       Dungeon |   1432 |   1432 |      0 |     55 |   1065 |   2 |  716.0 |
               +--------+--------+--------+--------+--------+-----+--------+

Top non-repeatable levels by time:
     D:1: 1204 daAuts
     D:2: 228 daAuts
